 Dungeon Crawl Stone Soup version 0.29.1-12-g30fa7ad0bf (webtiles) character file.

Game seed: 5932818072040762507

111 MisterFreud the Changer (level 4, 0/35 HPs)
             Began as a Draconian Transmuter on Dec 27, 2022.
             Slain by an orc wizard
             ... wielding a +0 dagger
              (2 damage)
             ... on level 3 of the Dungeon.
             The game lasted 00:02:43 (2936 turns).

MisterFreud the Changer (Draconian Transmuter)      Turns: 2936, Time: 00:02:44

Health: 0/35       AC:  2    Str: 12    XL:     4   Next: 62%
Magic:  0/7        EV: 19    Int: 15    God:
Gold:   101        SH:  0    Dex: 17    Spells: 4/7 levels left

rFire   . . .      SeeInvis .     - Unarmed
rCold   . . .      Faith    .   (shield currently unavailable)
rNeg    . . .      Spirit   +   (body armour unavailable)
rPois   x          Reflect  .   (helmet currently unavailable)
rElec   .          Harm     .   (cloak currently unavailable)
rCorr   .          Rampage  .   (gloves currently unavailable)
Will    .....                   (boots currently unavailable)
Stlth   ++........              k - amulet of guardian spirit
HPRegen 0.11/turn               (no ring)
MPRegen 0.10/turn               (no ring)

@: spider-form (expiring)
A: venomous fangs, AC +5, tiny, unfitting armour, (cold-blooded)
a: End Transformation


You were on level 3 of the Dungeon.
You were a venomous arachnid creature.
You visited 1 branch of the dungeon, and saw 3 of its levels.

You collected 101 gold pieces.

Inventory:

Jewellery
 k - an amulet of guardian spirit (around neck)
 p - a +4 ring of evasion
Scrolls
 c - 5 scrolls of blinking
 d - 3 scrolls of teleportation
 g - a scroll of amnesia
 o - a scroll of noise {unknown}
Potions
 a - a potion of lignification
 b - a potion of magic {unknown}
 e - 3 potions of curing
 f - 2 potions of brilliance {unknown}
 h - 2 potions of haste {unknown}
 i - a potion of invisibility {unknown}
 j - a potion of berserk rage {unknown}
 l - a potion of might {unknown}
 m - a potion of attraction {unknown}
 n - a potion of flight {unknown}


   Skills:
 - Level 1.1 Fighting
 - Level 1.7 Dodging
 - Level 3.0 Unarmed Combat
 - Level 2.0 Spellcasting
 + Level 4.9 Transmutations


You had 4 spell levels left.
You knew the following spells:

 Your Spells              Type           Power      Damage    Failure   Level
a - Spider Form           Tmut/Pois      8%         N/A       45%         3

Your spell library contained the following spells:

 Spells                   Type           Power      Damage    Failure   Level
 Beastly Appendage        Tmut           32%        N/A       11%         1
 Wereblood                Tmut           16%        N/A       13%         2
 Magic Dart               Conj           4%         1d3       43%         1
 Searing Ray              Conj           2%         2d4       54%         2
 Ice Form                 Ice/Tmut       8%         N/A       82%         4
 Fulminant Prism          Conj/Hex       0%         3d6       98%         4


Dungeon Overview and Level Annotations

Branches:
Dungeon (3/15)

Altars:


Innate Abilities, Weirdness & Mutations

You are a venomous arachnid creature.
You have poisonous fangs.
You are tiny and dextrous.
Your spellcasting is less reliable in this form.
Your armour is entirely melded.
You are incapable of wielding weapons or throwing items.
((Your plain brown scales are hard. (AC +5)))
You cannot fit into any form of body armour.
((You are cold-blooded and may be slowed by cold attacks.))


Message History

You hit the orc.
The orc is lightly wounded.
The orc completely misses you.
You hit the orc.
The orc is poisoned.
The orc is almost dead.
You kill the orc!
The orc priest mumbles some strange prayers to Beogh against you.
Beogh smites you!
You completely miss the orc.
The orc wizard mumbles some strange words.
The orc wizard flickers and vanishes!
Deactivating autopickup; reactivate with Ctrl-A.
The orc misses you.
You hit the orc.
The orc is moderately wounded.
The orc closely misses you.
You barely miss the orc.
The orc is moderately wounded.
The orc closely misses you.
You hit the orc but do no damage.
The orc is moderately wounded.
The orc misses you.
You bite the orc!
You kill the orc!
Your transformation is almost over.
The orc barely misses you.
The orc priest hits you with a +0 flail!
Something closely misses you.
Items here: ( )) [ †.
You barely miss the orc priest. The orc misses you.
The orc priest hits you with a +0 flail!
Something hits you but does no damage.
You hit the orc priest.
The orc priest is poisoned.
The orc priest is lightly wounded.
The orc hits you but does no damage.
The orc priest invokes the aid of Beogh against you.
Pain shoots through your body!
* * * LOW HITPOINT WARNING * * *
Something hits you.
You die...

##............#
.........######
...#.....# ...####..##
# ...####...## .#
#..#.......## ##..#
##..........## #....#
#..†.........####{...#
...†.........'..so...#
.............####o...#
...##.......## #.#.#
######.....## ## # #
##...## # ##+# ## #.#
.# #####.##### .#
#.........#


You could see an orc priest (very poisoned) and an orc.

Vanquished Creatures
  Robin (D:2)
  3 adders (D:2)
  2 worms (D:2)
  A dart slug (D:3)
  2 orcs (D:3)
  3 bats (D:1)
  10 endoplasms
  3 giant cockroaches
  6 goblins
  5 hobgoblins
  4 jackals (D:1)
  A quokka (D:3)
  7 ball pythons
  A frilled lizard (D:2)
  6 kobolds
  2 rats (D:1)
57 creatures vanquished.

Notes
Turn   | Place    | Note
-------+----------+-------------------------------------------
     0 | D:1      | MisterFreud the Draconian Transmuter began the quest for
                  | the Orb.
     0 | D:1      | Reached XP level 1. HP: 16/16 MP: 3/3
   270 | D:1      | Reached XP level 2. HP: 23/23 MP: 5/5
   313 | D:1      | Reached skill level 3 in Transmutations
  1091 | D:2      | Noticed Robin
  1094 | D:2      | Reached XP level 3. HP: 28/28 MP: 6/6
  1101 | D:2      | Killed Robin
  1259 | D:2      | Reached skill level 4 in Transmutations
  1364 | D:2      | Identified the +10 flail "Iniz" {freeze, MP+9 Dex-2 Stlth+}
  1698 | D:2      | Reached XP level 4. HP: 35/35 MP: 5/7
  2318 | D:2      | Learned a level 3 spell: Spider Form
  2936 | D:3      | Slain by an orc wizard

Illustrated notes

Levels and vault maps discovered:
D:1:      dpeg_chamrin_arrival_tetris, layout_basic
D:2:      layout_basic, uniq_robin
D:3:      layout_loops_corners, nicolae_uskayaw_murder_on_the_dancefloor,
          hellmonk_ecumenical_altar_heavens_door, hangedman_decor_growths,
          chequers_decorated_corner

Skill      XL: |  1  2  3 |
---------------+----------+-----
Transmutations | 3 4 |  4.9
Fighting       | |  1.1
Dodging        | |  1.7
Unarmed Combat | |  3.0
Spellcasting   | |  2.0

Action                   |  1- 3 |  4- 6 || total
-------------------------+-------+-------++-------
Melee: Unarmed           |    92 |    75 ||   167
       Tailslap          |    11 |     6 ||    17
       Kick              |    19 |     6 ||    25
       Punch             |     3 |       ||     3
       Headbutt          |     6 |     2 ||     8
 Cast: Beastly Appendage |    21 |     5 ||    26
       Spider Form       |       |     6 ||     6
  Use: Scroll            |     3 |     3 ||     6
 Stab: Sleeping          |     1 |       ||     1
Armor: Skin              |    34 |    13 ||    47
Dodge: Dodged            |    60 |    59 ||   119
